 Dungeon Crawl Stone Soup version 0.26.1-11-gd32895ea62 (webtiles) character file.

Game seed: 13038050180785863562

842 Zeld the Cudgeller (level 7, -1/60 HPs)
             Began as a Green Draconian Gladiator on June 13, 2021.
             Killed from afar by an orc wizard (10 damage)
             ... with a magic dart
             ... on level 5 of the Dungeon.
             The game lasted 00:05:41 (6543 turns).

Zeld the Cudgeller (Green Draconian Gladiator)      Turns: 6543, Time: 00:05:41

Health: -1/60      AC:  7    Str: 18    XL:     7   Next: 67%
Magic:  7/7        EV: 14    Int:  9    God:
Gold:   356        SH:  0    Dex: 12    Spells: 6/6 levels left

rFire    . . .     SeeInvis +   a - +2 whip (flame)
rCold    . . .     Faith    .   (no shield)
rNeg     . . .     Spirit   .   (armour unavailable)
rPois    +         Reflect  .   v - +0 hat
rElec    .         Harm     .   h - +0 cloak
rCorr    .         Rampage  .   (no gloves)
Will     .....                  (no boots)
Stlth    +.........             (no amulet)
HPRegen  0.20/turn              B - ring of see invisible
MPRegen  0.10/turn              (no ring)

@: no status effects
A: breathe noxious fumes, unfitting armour, poison resistance, cold-blooded, AC
+6
a: Breathe Noxious Fumes


You were on level 5 of the Dungeon.
You visited 1 branch of the dungeon, and saw 6 of its levels.

You collected 356 gold pieces.

Inventory:

Hand Weapons
 a - a +2 whip of flaming (weapon)
Missiles
 c - a throwing net
 e - 195 stones (quivered)
 D - 18 poisoned darts
Armour
 h - a +0 cloak (worn)
 v - a +0 hat (worn)
Jewellery
 s - an uncursed ring of ice {unknown}
 B - a ring of see invisible (left hand)
 C - an uncursed ring of resist corrosion {unknown}
Wands
 b - a wand of flame (12)
 o - a wand of iceblast (6)
 A - a wand of enslavement (6)
Scrolls
 g - 2 scrolls of blinking {unknown}
 j - 8 scrolls of identify {unknown}
 n - a scroll of random uselessness {unknown}
 p - a scroll of enchant weapon {unknown}
 q - 3 scrolls of remove curse {unknown}
 r - 3 scrolls of teleportation {unknown}
 t - a scroll of immolation {unknown}
 x - a scroll of amnesia {unknown}
Potions
 d - a potion of berserk rage {unknown}
 f - 3 potions of haste {unknown}
 i - a potion of magic {unknown}
 k - 2 potions of brilliance {unknown}
 l - 2 potions of resistance {unknown}
 m - 4 potions of attraction {unknown}
 u - a potion of curing {unknown}
 z - a potion of experience {unknown}


   Skills:
 + Level 4.4 Fighting
 * Level 5.8 Maces & Flails
 * Level 4.9 Throwing
 + Level 4.1 Dodging


You had 6 spell levels left.
You didn't know any spells.
Your spell library contained the following spells:

 Spells                   Type           Power        Failure   Level
 Confusing Touch          Hex            0%           77%         3
 Gell's Gravitas          Tloc           0%           77%         3
 Petrify                  Tmut/Erth      0%           99%         4
 Metabolic Englaciation   Hex/Ice        0%           100%        5
 Yara's Violent Unravell  Hex/Tmut       0%           100%        5


Dungeon Overview and Level Annotations

Branches:
Dungeon (6/15)
 Temple: D:4-7

Altars:
Fedhas
Gozag
Kikubaaqudgha
Sif Muna

Annotations:
D:5 2 transporters, oc3rt's ghost, novice KoAM


Innate Abilities, Weirdness & Mutations

You can breathe blasts of noxious fumes.
Your lurid green scales are hard. (AC +6)
You cannot fit into any form of body armour.
Your system is resistant to poisons. (rPois)
You are cold-blooded and may be slowed by cold attacks.


Message History

The bullfrog zombie hits you but does no damage.
You climb upwards.
Level annotation: 2 transporters, oc3rt's ghost, novice KoAM
There is a stone staircase leading down here.
The orc wizard hits you with a +0 dagger.
The orc wizard gestures wildly while chanting.
The orc wizard seems to speed up.
The orc wizard points at you and mumbles some strange words.
The magic dart hits you.
The orc wizard gestures at you while chanting.
The magic dart hits you.
The orc wizard miscasts a cantrip.
The orc wizard casts a spell at you. The puff of flame misses you.
The orc priest mumbles some strange prayers to Beogh against you.
Beogh smites you!
* * * LOW HITPOINT WARNING * * *
The orc wizard gestures at you while chanting.
The magic dart hits you!
You die...

..#........###.......[>.....#
..#.........##..............#
###.........#...<...........#
#######..........)..........#
.....#####.#####..o........##
.....# #.#####.o........##
####.# #....##o########## #
#.# ##.##.##.# #
#.####...#.##@# #
#......_......#
####.#...####.# #.##.## #.#
#....# #.# ####.# #.#
#.#####.# #.......# #########


You could see an orc priest and an orc wizard (fast).

Vanquished Creatures
  3 ogres
  A centaur (D:5)
  A scorpion (D:5)
  A howler monkey (D:5)
  An orc priest (D:5)
  A bullfrog skeleton (D:4)
  A centaur skeleton (D:4)
  3 orc wizards
  2 iguanas (D:4)
  A worker ant (D:4)
  5 adders
  A white imp (D:3)
  An ufetubus (D:3)
  5 worms
  3 dart slugs
  3 leopard geckos (D:5)
  16 orcs
  8 bats
  9 giant cockroaches
  A goblin (D:2)
  2 hobgoblins
  14 jackals (D:1)
  6 kobolds
  2 quokkas
  6 ball pythons (D:3)
  3 frilled lizards
  A jackal skeleton (D:4)
  5 rats
106 creatures vanquished.

Vanquished Creatures (others)
  A plant (D:3)
1 creature vanquished.

Grand Total: 107 creatures vanquished

Notes
Turn   | Place    | Note
-------+----------+-------------------------------------------
     0 | D:1      | Zeld the Draconian Gladiator began the quest for the Orb.
     0 | D:1      | Reached XP level 1. HP: 17/17 MP: 1/1
   224 | D:1      | Reached XP level 2. HP: 9/25 MP: 2/2
   774 | D:1      | Reached XP level 3. HP: 27/30 MP: 3/3
  1674 | D:2      | Reached XP level 4. HP: 36/37 MP: 4/4
  1988 | D:3      | Found a faded altar of an unknown god.
  2162 | D:4      | Reached skill level 4 in Maces & Flails
  2823 | D:3      | Reached XP level 5. HP: 33/45 MP: 5/5
  3348 | D:3      | Found a blossoming altar of Fedhas.
  4284 | D:4      | Reached XP level 6. HP: 34/51 MP: 6/6
  4627 | D:5      | Entered Level 5 of the Dungeon
  4632 | D:5      | Found an ancient bone altar of Kikubaaqudgha.
  4638 | D:5      | Found a shimmering blue altar of Sif Muna.
  5098 | D:4      | Reached skill level 5 in Maces & Flails
  5258 | D:5      | Your scales start taking on a lurid green colour.
  5258 | D:5      | Reached XP level 7. HP: 58/58 MP: 7/7
  5258 | D:5      | Gained mutation: Your system is resistant to poisons.
                  | (rPois) [Green Draconian growth]
  5277 | D:5      | Noticed oc3rt's ghost (novice KoAM)
  5684 | D:5      | Found a transporter.
  5732 | D:5      | Found an opulent altar of Gozag.
  6185 | D:5      | Found a transporter.
  6543 | D:5      | Killed from afar by an orc wizard

Illustrated notes

Levels and vault maps discovered:
D:1:      scummos_arrival_simple_fountains, layout_basic
D:2:      layout_basic
D:3:      layout_loops_ring, lemuel_round_altar,
          chequers_ecumenical_altar_island, minmay_shallow_snake_nest
D:4:      layout_loops_ring, kennysheep_small_circle
D:5:      layout_rooms, nicolae_overflow_crystal_walls,
          gammafunk_ghost_stat_death, basic_altar, roderic_lattice_a,
          grunt_gozag_statues
D:6:      layout_gridville

Skill      XL: |  1  2  3  4  5  6  7 |
---------------+----------------------+-----
Throwing       | 2 3 4 |  4.9
Dodging        | 3 4 |  4.1
Fighting       | 3 4 |  4.4
Maces & Flails | 4 5 |  5.8

Action                   |  1- 3 |  4- 6 |  7- 9 || total
-------------------------+-------+-------+-------++-------
Melee: Flail             |   148 |    83 |       ||   231
       Tailslap          |    17 |    23 |    12 ||    52
       Whip              |       |   105 |    77 ||   182
Throw: Throwing net      |       |     3 |       ||     3
 Abil: Breathe Noxious F |       |       |     1 ||     1
Evoke: Wand              |       |       |     2 ||     2
 Stab: Sleeping          |     1 |       |     1 ||     2
       Held in net/web   |       |     1 |       ||     1
Armor: Skin              |    95 |    52 |    22 ||   169
Dodge: Dodged            |   197 |   110 |    60 ||   367
